 Dungeon Crawl Stone Soup version 0.30-a0-322-g102857c98e (webtiles) character file.

Game seed: 12763255544669381362

47445 billz999 the Skirmisher (level 14, -9/103 (111) HPs)
             Began as a Gnoll Hunter on Oct 27, 2022.
             Was a High Priest of Kikubaaqudgha.
             Mangled by Pooter's ghost (39 damage)
             ... on level 5 of the Lair of Beasts.
             The game lasted 00:42:38 (19568 turns).

billz999 the Skirmisher (Gnoll Hunter)             Turns: 19568, Time: 00:42:39

HP:   -9/103 (111)  AC: 10    Str: 16    XL:     14   Next: 42%
MP:   0/27          EV: 17    Int: 16    God:    Kikubaaqudgha [*****.]
Gold: 1265          SH:  0    Dex: 20    Spells: 23/32 levels left

rFire   . . .      SeeInvis .    a - +2 triple crossbow (vorpal)
rCold   . . .      Faith    .    (shield currently unavailable)
rNeg    . . .      Spirit   +    o - +0 ring mail of Duck's Teeth {rElec}
rPois   .          Reflect  .    J - +2 helmet
rElec   +          Harm     .    (no cloak)
rCorr   .          Rampage  .    (no gloves)
Will    +....                    (no boots)
Stlth   ++++......               C - amulet of guardian spirit
HPRegen 0.37/turn                c - +6 ring of strength
MPRegen 0.20/turn                w - +6 ring of intelligence

@: drained
A: fangs 1, strong nose, distributed training
a: Renounce Religion, Unearth Wretches, Torment


You were on level 5 of the Lair of Beasts.
You worshipped Kikubaaqudgha.
Kikubaaqudgha was extremely pleased with you.
You visited 3 branches of the dungeon, and saw 17 of its levels.

You collected 1265 gold pieces.

Inventory:

Hand Weapons
 a - a +2 vorpal triple crossbow (weapon)
 H - the +4 halberd of Yredelemnul's Outrage {vorpal, rF++ rCorr Dex+4}
   (You found it on level 9 of the Dungeon)

   It inflicts extra damage upon your enemies.
   Dex:       It affects your dexterity (+4).
   rF:        It greatly protects you from fire.
   rCorr:     It protects you from acid and corrosion.
Missiles
 e - 2 throwing nets
 p - 4 atropa-tipped darts
Armour
 d - a +0 chain mail
 o - the +0 ring mail of Duck's Teeth (worn) {rElec}
   (You found it on level 2 of the Dungeon)

   rElec:     It insulates you from electricity.
 J - a +2 helmet (worn)
Jewellery
 c - a +6 ring of strength (left hand)
 i - a ring of positive energy
 m - a ring of positive energy
 r - a ring of protection from cold
 s - an amulet of faith
 w - a +6 ring of intelligence (right hand)
 C - an amulet of guardian spirit (around neck)
 M - an amulet of the acrobat
 R - a +4 ring of protection
Wands
 x - a wand of charming (13)
 y - a wand of digging (4)
 A - a wand of flame (38)
 G - a wand of iceblast (5)
 K - a wand of polymorph (8)
 Q - a wand of light (1)
Scrolls
 b - 2 scrolls of immolation
 t - 4 scrolls of summoning
 B - 2 scrolls of identify
 E - a scroll of butterflies
 F - 2 scrolls of amnesia
 I - a scroll of magic mapping {unknown}
 N - 2 scrolls of torment {unknown}
 P - 2 scrolls of enchant armour {unknown}
Potions
 f - 7 potions of lignification
 g - 2 potions of mutation
 j - 7 potions of cancellation
 k - a potion of berserk rage
 l - 3 potions of brilliance
 n - 5 potions of might
 q - 5 potions of flight
 u - 6 potions of curing
 v - a potion of ambrosia
 z - a potion of magic
 D - 2 potions of haste
 O - 2 potions of attraction {unknown}


   Skills:
 + Level 10.6 Fighting
 + Level 9.5 Short Blades
 + Level 9.5 Long Blades
 + Level 9.5 Axes
 + Level 9.5 Maces & Flails
 + Level 9.5 Polearms
 + Level 9.5 Staves
 + Level 12.6 Ranged Weapons
 + Level 9.5 Throwing
 + Level 9.5 Armour
 + Level 10.6 Dodging
 + Level 9.9 Stealth
 + Level 9.5 Shields
 + Level 9.5 Unarmed Combat
 + Level 9.5 Spellcasting
 + Level 8.0 Conjurations
 + Level 8.0 Hexes
 + Level 8.0 Summonings
 + Level 8.0 Necromancy
 + Level 8.0 Translocations
 + Level 8.0 Transmutations
 + Level 8.0 Fire Magic
 + Level 8.0 Ice Magic
 + Level 8.0 Air Magic
 + Level 8.0 Earth Magic
 + Level 8.0 Poison Magic
 + Level 10.4 Invocations
 + Level 9.5 Evocations


You had 23 spell levels left.
You knew the following spells:

 Your Spells              Type           Power      Damage    Failure   Level
a - Borgnjor's Vile Clut  Necr/Erth      16%        N/A       17%         5
b - Dispel Undead         Necr           33%        3d14      6%          4

Your spell library contained the following spells:

 Spells                   Type           Power      Damage    Failure   Level
 Apportation              Tloc           66%        N/A       1%          1
 Freeze                   Ice            100%       1d10      1%          1
 Kiss of Death            Conj/Necr      100%       2d13      1%          1
 Necrotise                Necr           100%       1d9       1%          1
 Sting                    Tmut/Pois      100%       1d8       1%          1
 Cigotuvi's Dreadful Rot  Necr/Pois/Air  66%        N/A       1%          2
 Poisonous Vapours        Pois/Air       66%        N/A       1%          2
 Scorch                   Fire           66%        2d8       1%          2
 Static Discharge         Conj/Air       66%        2-5/arc   1%          2
 Sublimation of Blood     Necr           33%        N/A       1%          2
 Wereblood                Tmut           33%        N/A       1%          2
 Frozen Ramparts          Ice            66%        1d10      1%          3
 Hailstorm                Conj/Ice       33%        3d8       1%          3
 Kindle Blastsparks       Fire/Tloc/Air  66%        2d15      1%          3
 Vhi's Electric Charge    Tloc/Air       66%        N/A       1%          3
 Anguish                  Hex/Necr       16%        N/A       6%          4
 Animate Dead             Necr           33%        N/A       6%          4
 Flame Wave               Conj/Fire      33%        2d10      6%          4
 Ice Form                 Ice/Tmut       33%        N/A       6%          4
 Olgreb's Toxic Radiance  Pois           33%        N/A       6%          4
 Passage of Golubria      Tloc           33%        N/A       6%          4
 Summon Ice Beast         Ice/Summ       33%        N/A       6%          4
 Agony                    Necr           33%        N/A       17%         5
 Arcjolt                  Conj/Air       16%        1d26      17%         5
 Fireball                 Conj/Fire      16%        3d8       17%         5
 Iskenderun's Battlesphe  Conj           33%        2d9       17%         5
 Lightning Bolt           Conj/Air       16%        1d30      17%         5
 Conjure Ball Lightning   Conj/Air       16%        3x3d6     67%         6
 Death Channel            Necr           16%        N/A       67%         6
 Simulacrum               Ice/Necr       16%        N/A       67%         6
 Starburst                Conj/Fire      16%        6d6       67%         6
 Summon Cactus Giant      Summ           16%        N/A       67%         6
 Orb of Destruction       Conj           16%        9d7       99%         7
 Summon Hydra             Summ           16%        N/A       99%         7
 Disjunction              Tloc           16%        N/A       100%        8


Dungeon Overview and Level Annotations

Branches:
Dungeon (11/15)            Temple (1/1) D:6            Lair (5/5) D:10
 Shoals (0/4) Lair:3        Snake (0/4) Lair:2        Slime (0/5) Lair:5
    Orc (0/2) D:9

Altars:
Ashenzari
Cheibriados
Dithmenos
Elyvilon
Fedhas
Gozag
Hepliaklqana
Kikubaaqudgha
Makhleb
Nemelex Xobeh
Okawaru
Qazlal
Ru
Sif Muna
Trog
Uskayaw
Vehumet
Wu Jian
Xom
Yredelemnul
Zin
The Shining One

Shops:
D:4 *

Annotations:
D:6 3 runed translucent doors, hgbash's ghost, novice DsIE
D:8 2 transporters
Lair:5 Pooter's ghost, journeyman MiBe


Innate Abilities, Weirdness & Mutations

You have very sharp teeth.
Your uncanny sense of smell can sniff out nearby items.
Your experience applies equally to all skills.


Message History

Aiming: Dispel Undead (dangerous; 6% risk of failure)
Press: ? - help, Shift-Dir - straight line, f/p - Pooter's ghost
Aim: Pooter's ghost, wielding a weapon of draining (moderately damaged, 100% to hit)
Pooter's ghost is dispelled!!
Pooter's ghost hits you!!!
You feel drained.
The spriggan rider hits you from afar with the +4 trident of Huet Enu {flame, rPois Str+4}!!
The spriggan rider burns you!
Casting: Dispel Undead (dangerous; 6% risk of failure)
Confirm with . or Enter, or press ? or * to list all spells.
Aiming: Dispel Undead (dangerous; 6% risk of failure)
Press: ? - help, Shift-Dir - straight line, f/p - Pooter's ghost
Aim: Pooter's ghost, wielding a weapon of draining (heavily damaged, 100% to hit)
Pooter's ghost is dispelled!!
Pooter's ghost hits you but does no damage.
You feel drained.
The spriggan rider hits you from afar with the +4 trident of Huet Enu {flame, rPois Str+4}!
* * * LOW HITPOINT WARNING * * *
The spriggan rider burns you.
* * * LOW HITPOINT WARNING * * *
The boggart casts a spell.
The boggart blinks!
Okay, then.
You feel much better. Pooter's ghost barely misses you.
The spriggan rider hits you from afar with the +4 trident of Huet Enu {flame, rPois Str+4}!!
* * * LOW HITPOINT WARNING * * *
The spriggan rider burns you!
* * * LOW HITPOINT WARNING * * *
You feel much better. Pooter's ghost barely misses you.
The boggart gestures wildly while chanting.
The spriggan rider hits you but does no damage.
As you read the scroll of fear, it crumbles to dust.
You assume a fearsome visage.
The death yak looks frightened!
The death yak easily resists.
The boggart looks frightened!
The wolf looks frightened!
Pooter's ghost is unaffected.
The wolf looks frightened!
The spriggan rider looks frightened!
The boggart mumbles some strange words.
The boggart flickers and vanishes!
Deactivating autopickup; reactivate with Ctrl-A.
Pooter's ghost hits you!!!
You die...
Kikubaaqudgha rasps: "You have failed me!
Welcome... death!"

........#...............##.~#⌠~~.
........#.#.............~#~~#~~~.
.........##.#####......~~~~~#~~~#
.........####♣♣♣#.....†~~P~~#~~~#
........##♣♣♣♣..#.......#~~~#.~~#
........# ♣Y..♣##.......#~P~#~~~#
........# ..Y{♣#8......~~~~~#~~~#
..#....##♣.. ♣h#.......~~~~~#~~~#
.(..#### ♣...♣iW@.......~#~~#~P~8
..### ∆♣..h#.......~##~~#⌠~~~
...######♣..♣.♣#8......~.~.~#####
.......<#♣ ∆♣.)##......~~~~~#8~~.
..+.†...## ♣♣..#......~##~~#~~~#
..##.##..# ♣♣♣#.......#~P~#~~~~
...##############......~~~~~##~##
....# ###.##...........~~~~~~P.~~
..#.###................~#P~~#~~~#


You could see 2 death yaks, a spriggan rider (fleeing), 2 wolves and Pooter's
ghost.

Vanquished Creatures
  Snorg (Lair:4)
  A hydra (Lair:3)
  A merfolk avatar (Lair:5)
  A boulder beetle (D:11)
  3 death yaks (Lair:5)
  2 two-headed ogres (D:11)
  A sixfirhy (D:11)
  2 sea snakes (Lair:5)
  2 harpies (Lair:5)
  A lindwurm (Lair:5)
  Pikel (D:4)
  A cyclops (D:10)
  3 oklob plants (Lair:1)
  3 manticores (Lair:5)
  23 elephants
  6 black mambas
  A gargoyle (D:11)
  An orange demon (D:11)
  8 cane toads
  A torpor snail (Lair:2)
  An unseen horror (D:11)
  4 rime drakes
  A kobold demonologist (D:6)
  5 komodo dragons
  2 ice devils (D:11)
  3 polar bears (Lair:5)
  2 trolls (D:9)
  2 hornets
  3 slime creatures (Lair:5)
  4 blink frogs
  17 dream sheep
  Sigmund (D:4)
  3 shadows
  6 wyverns
  20 yaks
  A ynoxinul (D:11)
  3 basilisks
  A steam dragon (D:9)
  Eustachio (D:4)
  4 vampire mosquitoes
  Menkaure (D:7)
  2 acid dragons
  18 water moccasins
  A sky beast (D:6)
  2 black bears
  3 orc warriors
  3 ice beasts
  2 centaurs
  2 lemures (D:4)
  3 wolves
  3 phantoms
  2 kobold brigands
  2 necrophages
  2 gnoll sergeants (D:9)
  12 bullfrogs
  7 scorpions
  10 wights
  9 killer bees
  3 howler monkeys
  4 quasits (D:11)
  3 jellies
  6 hounds
  A gnoll bouda (Lair:5)
  9 orc priests
  8 orc wizards
  5 iguanas
  14 gnolls
  10 adders
  3 white imps
  2 ufetubi
  A worm (D:2)
  2 dart slugs
  45 orcs
  5 ball pythons
  7 endoplasms
  2 giant cockroaches
  10 goblins
  5 hobgoblins
  2 jackals (D:3)
  A quokka (D:2)
  12 bats
  A frilled lizard (D:1)
  15 kobolds
  3 rats
410 creatures vanquished.

Vanquished Creatures (collateral kills)
  2 elephants (Lair:3)
  A torpor snail (Lair:5)
3 creatures vanquished.

Vanquished Creatures (others)
  2 elephants
  4 demonic plants (D:11)
  30 fungi
  78 plants
114 creatures vanquished.

Grand Total: 527 creatures vanquished

Notes
Turn   | Place    | Note
-------+----------+-------------------------------------------
     0 | D:1      | billz999 the Gnoll Hunter began the quest for the Orb.
     0 | D:1      | Reached XP level 1. HP: 20/20 MP: 1/1
   140 | D:1      | Reached XP level 2. HP: 26/26 MP: 2/2
   456 | D:1      | Reached XP level 3. HP: 31/31 MP: 3/3
   768 | D:2      | Reached skill level 1 in Invocations
   812 | D:2      | Identified the +0 ring mail of Duck's Teeth {rElec}
  1224 | D:2      | Reached skill level 1 in Short Blades
  1224 | D:2      | Reached skill level 1 in Long Blades
  1224 | D:2      | Reached skill level 1 in Axes
  1224 | D:2      | Reached skill level 1 in Maces & Flails
  1224 | D:2      | Reached skill level 1 in Polearms
  1224 | D:2      | Reached skill level 1 in Staves
  1224 | D:2      | Reached skill level 1 in Throwing
  1224 | D:2      | Reached skill level 1 in Armour
  1224 | D:2      | Reached skill level 1 in Shields
  1224 | D:2      | Reached skill level 1 in Unarmed Combat
  1224 | D:2      | Reached skill level 1 in Spellcasting
  1224 | D:2      | Reached skill level 1 in Evocations
  1665 | D:3      | Reached skill level 1 in Conjurations
  1665 | D:3      | Reached skill level 1 in Hexes
  1665 | D:3      | Reached skill level 1 in Summonings
  1665 | D:3      | Reached skill level 1 in Necromancy
  1665 | D:3      | Reached skill level 1 in Translocations
  1665 | D:3      | Reached skill level 1 in Transmutations
  1665 | D:3      | Reached skill level 1 in Fire Magic
  1665 | D:3      | Reached skill level 1 in Ice Magic
  1665 | D:3      | Reached skill level 1 in Air Magic
  1665 | D:3      | Reached skill level 1 in Earth Magic
  1665 | D:3      | Reached skill level 1 in Poison Magic
  1665 | D:3      | Reached XP level 4. HP: 36/38 MP: 5/5
  1740 | D:3      | Reached XP level 5. HP: 43/43 MP: 7/7
  1744 | D:3      | Found a faded altar of an unknown god.
  1762 | D:3      | Found a broken altar of Ashenzari.
  1830 | D:3      | Found the +3 greatsling "Punk" {acid, rCorr}
  2441 | D:3      | Reached skill level 5 in Fighting
  2441 | D:3      | Reached skill level 5 in Dodging
  2441 | D:3      | Reached XP level 6. HP: 15/51 MP: 8/8
  2921 | D:4      | Found a bloodstained altar of Trog.
  2927 | D:4      | Noticed Eustachio
  2930 | D:4      | Killed Eustachio
  2931 | D:4      | Reached XP level 7. HP: 56/56 MP: 10/10
  3188 | D:4      | Reached skill level 9 in Ranged Weapons
  3270 | D:4      | Noticed Sigmund
  3283 | D:4      | Killed Sigmund
  3288 | D:4      | Noticed Pikel
  3293 | D:4      | Killed Pikel
  3294 | D:4      | Reached XP level 8. HP: 64/64 MP: 11/13
  3313 | D:4      | Found Niguon's Assorted Antiques.
  3767 | D:5      | Entered Level 5 of the Dungeon
  3873 | D:5      | Reached XP level 9. HP: 69/69 MP: 14/14
  3902 | D:5      | Found a radiant altar of Vehumet.
  4250 | D:5      | Reached skill level 5 in Stealth
  4781 | D:6      | Noticed a kobold demonologist
  4794 | D:6      | Noticed an orange demon
  4803 | D:6      | Noticed a hellwing
  5021 | D:5      | Reached skill level 5 in Invocations
  5406 | D:6      | Noticed a red devil
  5487 | D:6      | Found a runed translucent gate.
  5488 | D:6      | Found a runed translucent gate.
  5489 | D:6      | Found a runed translucent gate.
  5491 | D:6      | Noticed hgbash's ghost (novice DsIE)
  5510 | D:6      | Reached skill level 5 in Short Blades
  5510 | D:6      | Reached skill level 5 in Long Blades
  5510 | D:6      | Reached skill level 5 in Axes
  5510 | D:6      | Reached skill level 5 in Maces & Flails
  5510 | D:6      | Reached skill level 5 in Polearms
  5510 | D:6      | Reached skill level 5 in Staves
  5510 | D:6      | Reached skill level 5 in Throwing
  5510 | D:6      | Reached skill level 5 in Armour
  5510 | D:6      | Reached skill level 5 in Shields
  5510 | D:6      | Reached skill level 5 in Unarmed Combat
  5510 | D:6      | Reached skill level 5 in Spellcasting
  5510 | D:6      | Reached skill level 5 in Evocations
  5510 | D:6      | Reached XP level 10. HP: 77/77 MP: 17/17
  5646 | D:6      | Killed a kobold demonologist
  5647 | D:6      | Reached skill level 10 in Ranged Weapons
  5749 | D:6      | Found a staircase to the Ecumenical Temple.
  5758 | Temple   | Entered the Ecumenical Temple
  5822 | Temple   | Became a worshipper of Kikubaaqudgha
  6355 | D:7      | Noticed Menkaure
  6357 | D:7      | Killed Menkaure
  6536 | D:7      | Found a sparkling altar of Nemelex Xobeh.
  7240 | D:8      | Noticed a catoblepas
  7243 | D:8      | Found a transporter.
  7244 | D:8      | Noticed a centaur warrior
  7248 | D:8      | Found a burning altar of Makhleb.
  7483 | D:8      | Reached * piety under Kikubaaqudgha
  7483 | D:8      | Received a gift from Kikubaaqudgha
  7487 | D:8      | Found an iron altar of Okawaru.
  8312 | D:8      | Found a transporter.
  8645 | D:9      | Identified the +4 halberd of Yredelemnul's Outrage {vorpal,
                  | rF++ rCorr Dex+4}
  8837 | D:9      | Reached skill level 5 in Conjurations
  8837 | D:9      | Reached skill level 5 in Hexes
  8837 | D:9      | Reached skill level 5 in Summonings
  8837 | D:9      | Reached skill level 5 in Necromancy
  8837 | D:9      | Reached skill level 5 in Translocations
  8837 | D:9      | Reached skill level 5 in Transmutations
  8837 | D:9      | Reached skill level 5 in Fire Magic
  8837 | D:9      | Reached skill level 5 in Ice Magic
  8837 | D:9      | Reached skill level 5 in Air Magic
  8837 | D:9      | Reached skill level 5 in Earth Magic
  8837 | D:9      | Reached skill level 5 in Poison Magic
  8913 | D:9      | Reached XP level 11. HP: 85/85 MP: 20/20
  9124 | D:9      | Reached ** piety under Kikubaaqudgha
  9539 | D:9      | Found a staircase to the Orcish Mines.
  9704 | D:10     | Entered Level 10 of the Dungeon
  9810 | D:10     | Noticed a cyclops
  9813 | D:10     | Killed a cyclops
 10418 | D:10     | Found a hide-covered altar of Uskayaw.
 10425 | D:10     | Found a sacrificial altar of Ru.
 10485 | D:10     | Found a staircase to the Lair.
 10905 | D:11     | Noticed a boulder beetle
 10913 | D:11     | Killed a boulder beetle
 11163 | D:11     | Noticed a two-headed ogre
 11166 | D:11     | Killed a two-headed ogre
 11214 | D:11     | Noticed a two-headed ogre
 11217 | D:11     | Killed a two-headed ogre
 11218 | D:11     | Reached skill level 11 in Ranged Weapons
 11556 | D:11     | Noticed a sixfirhy
 11624 | D:11     | Killed a sixfirhy
 11712 | D:11     | Reached XP level 12. HP: 94/94 MP: 22/22
 12051 | Lair:1   | Entered Level 1 of the Lair of Beasts
 14115 | Lair:2   | Reached *** piety under Kikubaaqudgha
 14115 | Lair:2   | Received a gift from Kikubaaqudgha
 14122 | Lair:2   | Learned a level 5 spell: Borgnjor's Vile Clutch
 14205 | Lair:2   | Found a staircase to the Snake Pit.
 14590 | Lair:2   | Identified the +4 plate armour of Fedhas's Hope {Str+3}
 15090 | Lair:3   | Noticed a six-headed hydra
 15213 | Lair:3   | Killed a six-headed hydra
 15214 | Lair:3   | Reached XP level 13. HP: 84/101 MP: 25/25
 15640 | Lair:3   | Found a staircase to the Shoals.
 15784 | Lair:3   | Reached **** piety under Kikubaaqudgha
 16214 | Lair:3   | Reached skill level 12 in Ranged Weapons
 16603 | Lair:4   | Learned a level 4 spell: Dispel Undead
 17087 | Lair:4   | Noticed Snorg
 17094 | Lair:4   | Killed Snorg
 17419 | Lair:5   | Entered Level 5 of the Lair of Beasts
 17521 | Lair:5   | Found a hazy altar of Hepliaklqana.
 17563 | Lair:5   | Reached skill level 10 in Fighting
 17563 | Lair:5   | Reached skill level 10 in Dodging
 17994 | Lair:5   | Found a runed translucent door.
 18004 | Lair:5   | Identified the +4 trident of Huet Enu {flame, rPois Str+4}
 18024 | Lair:5   | Noticed Pooter's ghost (journeyman MiBe)
 18316 | Lair:5   | Reached skill level 10 in Invocations
 18316 | Lair:5   | Reached XP level 14. HP: 77/110 MP: 3/27
 18559 | Lair:5   | Found a staircase to the Slime Pits.
 18776 | Lair:5   | Reached ***** piety under Kikubaaqudgha
 19426 | Lair:5   | Got Romneri's Secrets of the Tesseract
 19432 | Lair:5   | Identified the +0 rapier "Empycs" {antimagic, rCorr Dex+4}
 19434 | Lair:5   | Got Sif Muna's Book of Singed Translocation
 19566 | Lair:5   | HP: 4/103 [spriggan rider/the +4 trident of Huet Enu
                  | {flame, rPois Str+4} (8)]
 19568 | Lair:5   | Mangled by Pooter's ghost

Illustrated notes

Levels and vault maps discovered:
D:1:      dpeg_arrival_three_bigger_balls, layout_loops_ring
D:2:      layout_basic
D:3:      layout_loops_ring, nicolae_ashenzari_skybound, basic_ecumenical_altar
D:4:      layout_gridville, trog_three_pillars_becter, serial_shops, shop,
          serial_bayou, serial_bayou_shore_b, serial_bayou_lagoon_a,
          serial_bayou_crossing, serial_bayou_pond_a, serial_bayou_pond_e,
          serial_bayou_pond_d, uniq_pikel, uniq_sigmund, uniq_eustachio
D:5:      layout_rooms, vehumet_altar_wand_db, st_stairs_9,
          minmay_tree_intersection, kennysheep_generic_room_14
D:6:      layout_cave_pools, lemuel_temple_firewalk_a,
          gammafunk_ghost_nasty_kobolds, minmay_chambers_of_fives,
          uniq_crazy_yiuf_cottage
D:7:      minmay_klotski, layout_loops_corners, nemelex_spade_bored_becter,
          uniq_menkaure
D:8:      layout_basic, kennysheep_okawaru_gauntlet,
          gammafunk_temple_overflow_arena
D:9:      layout_grid_maze, orc_0_dummy
D:10:     lemuel_ice_spiral_2, layout_basic, nicolae_uskayaw_suspiria,
          nicolae_ru_path_of_blood, lair_entry_dummy
D:11:     layout_cave_pods, special_room [special_room_orc], serial_demonic,
          serial_demonic_a, serial_demonic_e, serial_demonic_b, serial_demonic_a
Temple:   nicolae_temple_great_sept
Lair:1:   minmay_lair_oklob_chamber, layout_small_grid, wad_woods_road_01,
          serial_bayou_shore_b
Lair:2:   layout_long_grid, minmay_snake_entry_six_corridors, serial_forest,
          infiniplex_forest_end_1, infiniplex_forest_clump_small,
          infiniplex_forest_clump_medium, infiniplex_forest_3_way
Lair:3:   layout_chaotic_city, elwin_shoals_entry_rocks
Lair:4:   layout_regular_city, lemuel_fruit_tree, uniq_snorg
Lair:5:   gammafunk_lair_ancient_temple, layout_regular_city,
          minmay_slime_entry_pillars, basic_altar, ebering_ghost_funeral_grove,
          dreamdust_gnoll_shepherd

Skill      XL: |  1  2  3  4  5  6  7  8  9 10 11 12 13 14 |
---------------+-------------------------------------------+-----
Invocations    | 1 2 3 4 5 6 7 8 10 | 10.4
Short Blades   | 1 2 3 5 6 7 8 9 |  9.5
Long Blades    | 1 2 3 5 6 7 8 9 |  9.5
Axes           | 1 2 3 5 6 7 8 9 |  9.5
Maces & Flails | 1 2 3 5 6 7 8 9 |  9.5
Polearms       | 1 2 3 5 6 7 8 9 |  9.5
Staves         | 1 2 3 5 6 7 8 9 |  9.5
Throwing       | 1 2 3 5 6 7 8 9 |  9.5
Armour         | 1 2 3 5 6 7 8 9 |  9.5
Shields        | 1 2 3 5 6 7 8 9 |  9.5
Unarmed Combat | 1 2 3 5 6 7 8 9 |  9.5
Spellcasting   | 1 2 3 5 6 7 8 9 |  9.5
Evocations     | 1 2 3 5 6 7 8 9 |  9.5
Conjurations   | 1 2 3 4 5 6 7 8 |  8.0
Hexes          | 1 2 3 4 5 6 7 8 |  8.0
Summonings     | 1 2 3 4 5 6 7 8 |  8.0
Necromancy     | 1 2 3 4 5 6 7 8 |  8.0
Translocations | 1 2 3 4 5 6 7 8 |  8.0
Transmutations | 1 2 3 4 5 6 7 8 |  8.0
Fire Magic     | 1 2 3 4 5 6 7 8 |  8.0
Ice Magic      | 1 2 3 4 5 6 7 8 |  8.0
Air Magic      | 1 2 3 4 5 6 7 8 |  8.0
Earth Magic    | 1 2 3 4 5 6 7 8 |  8.0
Poison Magic   | 1 2 3 4 5 6 7 8 |  8.0
Fighting       | 5 6 7 8 9 10 | 10.6
Dodging        | 5 6 7 8 9 10 | 10.6
Stealth        | 3 4 5 6 7 8 9 |  9.9
Ranged Weapons | 9 10 11 12 | 12.6

Action                   |  1- 3 |  4- 6 |  7- 9 | 10-12 | 13-15 || total
-------------------------+-------+-------+-------+-------+-------++-------
Melee: Shortbow          |       |     1 |       |       |       ||     1
 Fire: Shortbow          |   129 |    96 |       |       |       ||   225
       Triple crossbow   |       |    12 |   202 |   420 |   230 ||   864
 Cast: Borgnjor's Vile C |       |       |       |     1 |    45 ||    46
       Dispel Undead     |       |       |       |       |     3 ||     3
Evoke: Wand              |       |       |     2 |    21 |    16 ||    39
  Use: Scroll            |       |     5 |     7 |     4 |    12 ||    28
       Potion            |       |     2 |     3 |     1 |     5 ||    11
Armor: Chain mail        |    36 |       |       |       |       ||    36
       Ring mail         |     6 |    21 |    66 |   105 |    69 ||   267
       Skin              |       |       |     9 |       |       ||     9
Dodge: Dodged            |    28 |    32 |   155 |   273 |   207 ||   695

Table legend: (Time is in decaauts)
 A = Elapsed time spent in this place.
 B = Non-inter-level travel time spent in this place.
 C = Inter-level travel time spent in this place.
 D = Time resting spent in this place.
 E = Time spent auto-exploring this place.
 F = Levels seen in this place.
 G = Mean time per level.
                   A        B        C        D        E       F      G
               +--------+--------+--------+--------+--------+-----+--------+
         Total |  20489 |  19769 |    720 |   4003 |  12581 |  17 | 1205.2 |
       Dungeon |  12628 |  12086 |    542 |   2039 |   8069 |  11 | 1148.0 |
        Temple |     81 |     70 |     11 |      0 |     51 |   1 |   81.0 |
          Lair |   7779 |   7612 |    167 |   1963 |   4460 |   5 | 1555.8 |
               +--------+--------+--------+--------+--------+-----+--------+

Top non-repeatable levels by time:
  Lair:1: 2020 daAuts
  Lair:5: 1880 daAuts
     D:8: 1623 daAuts
  Lair:3: 1539 daAuts
     D:5: 1416 daAuts
    D:11: 1327 daAuts
  Lair:4: 1268 daAuts
    D:10: 1206 daAuts
     D:4: 1183 daAuts
     D:9: 1118 daAuts
     D:7: 1100 daAuts
  Lair:2: 1070 daAuts
     D:3: 1017 daAuts
     D:2: 978 daAuts
     D:6: 836 daAuts
